 Dungeon Crawl Stone Soup version 0.30-a0-4-ga7cffc901d (webtiles) character file.

Game seed: 10991927716022440528

35 Setbun the Sneak (level 3, -6/20 HPs)
             Began as a Kobold Enchanter on Aug 20, 2022.
             Mangled by a worm (11 damage)
             ... on level 2 of the Dungeon.
             The game lasted 00:00:57 (1539 turns).

Setbun the Sneak (Kobold Enchanter)                 Turns: 1539, Time: 00:00:58

Health: -6/20      AC:  2    Str:  5    XL:     3   Next: 55%
Magic:  6/6        EV: 15    Int: 16    God:
Gold:   69         SH:  0    Dex: 17    Spells: 7/7 levels left

rFire   . . .      SeeInvis .    a - +1 dagger
rCold   . . .      Faith    .    (no shield)
rNeg    . . .      Spirit   .    b - +0 robe
rPois   .          Reflect  .    (no helmet)
rElec   .          Harm     .    (no cloak)
rCorr   .          Rampage  .    (no gloves)
Will    .....                    (no boots)
Stlth   ++++......               (no amulet)
HPRegen 0.06/turn                (no ring)
MPRegen 0.10/turn                (no ring)

@: no status effects
A: small, no large weapons, nightstalker 3
a: no special abilities


You were on level 2 of the Dungeon.
You visited 1 branch of the dungeon, and saw 2 of its levels.

You collected 69 gold pieces.

Inventory:

Hand Weapons
 a - a +1 dagger (weapon)
Armour
 b - a +0 robe (worn)
Potions
 c - 2 potions of invisibility
 d - a potion of attraction {unknown}
 e - a potion of magic {unknown}


   Skills:
 + Level 1.0 Fighting
 + Level 2.0 Short Blades
 + Level 2.9 Dodging
 + Level 4.5 Stealth
 + Level 2.5 Spellcasting
 + Level 3.2 Hexes


You had 7 spell levels left.
You didn't know any spells.
Your spell library contained the following spells:

 Spells                   Type           Power      Damage    Failure   Level
 Ensorcelled Hibernation  Hex/Ice        14%        N/A       16%         2
 Confusing Touch          Hex            12%        N/A       16%         3
 Tukima's Dance           Hex            12%        N/A       16%         3
 Dazzling Flash           Conj/Hex       14%        N/A       30%         3


Dungeon Overview and Level Annotations

Branches:
Dungeon (2/15)

Altars:
Xom


Innate Abilities, Weirdness & Mutations

You are small and have problems with some larger weapons.
You are completely attuned to the shadows.


Message History

You hit the worm but do no damage.
The worm is moderately wounded.
The worm closely misses you.
You hit the worm.
The worm is heavily wounded.
You hit the worm.
The worm is severely wounded.
The worm bites you!
You are too injured to fight recklessly!
You are too injured to fight recklessly!
You are too injured to fight recklessly!
You are too injured to fight recklessly!
You are too injured to fight recklessly!
You are too injured to fight recklessly!
You are too injured to fight recklessly!
You are too injured to fight recklessly!
You are too injured to fight recklessly!
You are too injured to fight recklessly!
You are too injured to fight recklessly!
You are too injured to fight recklessly!
You are too injured to fight recklessly!
You are too injured to fight recklessly!
You are too injured to fight recklessly!
You are too injured to fight recklessly!
You hit the worm.
The worm is severely wounded.
The worm barely misses you.
You hit the worm.
The worm is severely wounded.
You hit the worm but do no damage.
The worm is severely wounded.
The worm bites you.
* * * LOW HITPOINT WARNING * * *
You hit the worm but do no damage.
The worm is severely wounded.
You hit the worm.
The worm is severely wounded.
The worm bites you!
Ouch! That really hurt!
You die...

..... ..~~ #.... ....
#..♣♣.... #...♣.... #
#.?.@)...
#.##..#.w...
###+++####.#..###...♣
........##...## ####
........<.....##
..†..........[..#
.#..........$...#
..........#.._..#
................#


You could see a worm.

Vanquished Creatures
  An adder (D:2)
  A worm (D:2)
  3 ball pythons (D:1)
  2 goblins (D:1)
  A hobgoblin (D:1)
  2 jackals (D:1)
  2 quokkas
  2 frilled lizards (D:1)
  6 kobolds
  4 rats (D:1)
24 creatures vanquished.

Vanquished Creatures (others)
  13 plants (D:1)
13 creatures vanquished.

Grand Total: 37 creatures vanquished

Notes
Turn   | Place    | Note
-------+----------+-------------------------------------------
     0 | D:1      | Setbun the Kobold Enchanter began the quest for the Orb.
     0 | D:1      | Reached XP level 1. HP: 10/10 MP: 3/3
   209 | D:1      | Reached XP level 2. HP: 4/15 MP: 5/5
  1231 | D:1      | Reached XP level 3. HP: 20/20 MP: 6/6
  1514 | D:2      | Reached skill level 1 in Fighting
  1519 | D:2      | Found a shimmering altar of Xom.
  1539 | D:2      | Mangled by a worm

Illustrated notes

Levels and vault maps discovered:
D:1:      eino_arrival_tree_alley, layout_basic,
          wander_ebering_terrifying_dragon_lair
D:2:      cheibrodos_fertilizer, layout_rooms, basic_altar,
          kennysheep_decorative_pillar, serial_park_tiny_2, minmay_misc_feat_iff

Skill      XL: |  1  2  3 |
---------------+----------+-----
Fighting       | 1 |  1.0
Short Blades   | 2 |  2.0
Dodging        | |  2.9
Stealth        | |  4.5
Spellcasting   | |  2.5
Hexes          | |  3.2

Action                   || total
-------------------------++-------
Melee: Dagger            ||    49
 Stab: Sleeping          ||    14
       Distracted        ||     2
Armor: Robe              ||     2
Dodge: Dodged            ||    10

Table legend: (Time is in decaauts)
 A = Elapsed time spent in this place.
 B = Non-inter-level travel time spent in this place.
 C = Inter-level travel time spent in this place.
 D = Time resting spent in this place.
 E = Time spent auto-exploring this place.
 F = Levels seen in this place.
 G = Mean time per level.
                   A        B        C        D        E       F      G
               +--------+--------+--------+--------+--------+-----+--------+
         Total |   1534 |   1509 |     25 |    189 |   1173 |   2 |  767.0 |
       Dungeon |   1534 |   1509 |     25 |    189 |   1173 |   2 |  767.0 |
               +--------+--------+--------+--------+--------+-----+--------+

Top non-repeatable levels by time:
     D:1: 1400 daAuts
     D:2: 134 daAuts
